TOP OF THE 1ST |
Chicago Gold Sox batting - Pitching for Athletic Club KC : RHP John Kaufman
|
Pitching: RHP John Kaufman
|
|
Batting: RHB Rod Jones
|
0-0: Called Strike 0-1: Ball 1-1: Ball 2-1: Foul Ball, location: 2F 2-2: Foul Ball, location: 2F 2-2: Ball 3-2: Strikes out swinging
|
Batting: LHB William Wise
|
0-0: Called Strike 0-1: Ball 1-1: Foul Ball, location: 2F 1-2: Ball 2-2: SINGLE (Line Drive, 4MD)
|
Batting: LHB Melvin Castro
|
0-0: Ball 1-0: Foul Ball, location: 2F 1-1: Ball 2-1: Grounds into double play, 3-6-1 (Groundball, 3)
|
Top of the 1st over - 0 run(s), 1 hit(s), 0 error(s), 0 left on base; Chicago 0 - Athletic Club KC 0 |
BOTTOM OF THE 1ST |
Athletic Club KC batting - Pitching for Chicago Gold Sox : RHP Ralph McKinney
|
Pitching: RHP Ralph McKinney
|
|
Batting: RHB Jorge Trevino
|
0-0: Ball 1-0: Called Strike 1-1: Called Strike 1-2: Ball 2-2: Ball 3-2: Foul Ball, location: 2F 3-2: Base on Balls
|
Batting: SHB David Henderson
|
0-0: Called Strike 0-1: Swinging Strike 0-2: Ball 1-2: Ball 2-2: Ball 3-2: Base on Balls Jorge Trevino to second
|
Batting: RHB David Edwards
|
0-0: Ball 1-0: Ball 2-0: Called Strike 2-1: Fly out, F7 (Flyball, 78D)
|
Batting: RHB John Downing
|
0-0: Ball 1-0: Called Strike 1-1: Foul Ball, location: 2F 1-2: Strikes out swinging
|
Batting: RHB Ramón Souza
|
0-0: Foul Ball, location: 2F 0-1: Called Strike 0-2: Ball 1-2: Strikes out swinging
|
Bottom of the 1st over - 0 run(s), 0 hit(s), 0 error(s), 2 left on base; Chicago 0 - Athletic Club KC 0 |
TOP OF THE 2ND |
Chicago Gold Sox batting - Pitching for Athletic Club KC : RHP John Kaufman
|
Batting: LHB Noel Ballard
|
0-0: Called Strike 0-1: Ball 1-1: Ball 2-1: Foul Ball, location: 2F 2-2: Ball 3-2: Foul Ball, location: 2F 3-2: Foul Ball, location: 2F 3-2: Strikes out swinging wild pitch, reaches first!
|
Batting: LHB Eddie Flynn
|
0-0: Fielders Choice at 2nd, 3-6 (Groundball, 3)
|
Batting: LHB Sam Good
|
0-0: Fielders Choice at 2nd, 4-6 (Groundball, 4)
|
Batting: RHB Alfredo López
|
0-0: Called Strike 0-1: Called Strike 0-2: Ball 1-2: Strikes out swinging
|
Top of the 2nd over - 0 run(s), 0 hit(s), 0 error(s), 1 left on base; Chicago 0 - Athletic Club KC 0 |
BOTTOM OF THE 2ND |
Athletic Club KC batting - Pitching for Chicago Gold Sox : RHP Ralph McKinney
|
Batting: LHB Kelly Brown
|
0-0: Ground out 6-3 (Groundball, 6)
|
Batting: SHB Pedro Vázquez
|
0-0: Called Strike 0-1: Ball 1-1: Ball 2-1: SINGLE (Groundball, 13) (infield hit)
|
Batting: RHB Rick Atkinson
|
0-0: Called Strike 0-1: SINGLE (Line Drive, 34D) Pedro Vázquez to second
|
Batting: LHB Thatcher Douglas
|
0-0: Ball 1-0: Fly out, F3 (Popup, 4S)
|
Batting: RHB Jorge Trevino
|
0-0: Fielders Choice at 2nd, 5-4 (Groundball, 56)
|
Bottom of the 2nd over - 0 run(s), 2 hit(s), 0 error(s), 1 left on base; Chicago 0 - Athletic Club KC 0 |
TOP OF THE 3RD |
Chicago Gold Sox batting - Pitching for Athletic Club KC : RHP John Kaufman
|
Batting: LHB Chris Hill
|
0-0: Called Strike 0-1: Ball 1-1: Ball 2-1: Ball 3-1: Called Strike 3-2: Strikes out swinging
|
Batting: RHB Brady Ferris
|
0-0: Ball 1-0: SINGLE (Line Drive, 7LS)
|
Batting: RHB Rod Jones
|
0-0: Called Strike 0-1: Ball 1-1: Ball 2-1: Fly out, F8 (Flyball, 8LM)
|
Batting: LHB William Wise
|
0-0: Called Strike 0-1: Swinging Strike 0-2: Ball 1-2: Ball 2-2: Strikes out swinging
|
Top of the 3rd over - 0 run(s), 1 hit(s), 0 error(s), 1 left on base; Chicago 0 - Athletic Club KC 0 |
BOTTOM OF THE 3RD |
Athletic Club KC batting - Pitching for Chicago Gold Sox : RHP Ralph McKinney
|
Batting: SHB David Henderson
|
0-0: Called Strike 0-1: Called Strike 0-2: SOLO HOME RUN (Flyball, 9D), Distance : 395 ft
|
Batting: RHB David Edwards
|
0-0: Called Strike 0-1: Ground out 4-3 (Groundball, 4M)
|
Batting: RHB John Downing
|
0-0: Called Strike 0-1: Ball 1-1: Ball 2-1: Foul Ball, location: 2F 2-2: Strikes out looking
|
Batting: RHB Ramón Souza
|
0-0: Called Strike 0-1: Foul Ball, location: 2F 0-2: Ball 1-2: Foul Ball, location: 2F 1-2: Strikes out swinging
|
Bottom of the 3rd over - 1 run(s), 1 hit(s), 0 error(s), 0 left on base; Chicago 0 - Athletic Club KC 1 |
TOP OF THE 4TH |
Chicago Gold Sox batting - Pitching for Athletic Club KC : RHP John Kaufman
|
Batting: LHB Melvin Castro
|
0-0: DOUBLE (Line Drive, 89XD)
|
Batting: LHB Noel Ballard
|
0-0: Fly out, F7 (Flyball, 78S)
|
Batting: LHB Eddie Flynn
|
0-0: Ball 1-0: SINGLE (Line Drive, 8LS) Melvin Castro to third
|
Batting: LHB Sam Good
|
0-0: Ball 1-0: Called Strike 1-1: Swinging Strike 1-2: Strikes out swinging
|
Batting: RHB Alfredo López
|
0-0: Called Strike 0-1: Swinging Strike 0-2: Foul Ball, location: 2F 0-2: Ball 1-2: Fly out, F8 (Flyball, 8LS)
|
Top of the 4th over - 0 run(s), 2 hit(s), 0 error(s), 2 left on base; Chicago 0 - Athletic Club KC 1 |
BOTTOM OF THE 4TH |
Athletic Club KC batting - Pitching for Chicago Gold Sox : RHP Ralph McKinney
|
Pitching: RHP Ramón Elizondo
|
|
Batting: LHB Kelly Brown
|
0-0: Ball 1-0: Foul Ball, location: 2F 1-1: Ground out 4-3 (Groundball, 34)
|
Batting: SHB Pedro Vázquez
|
0-0: Fly out, F8 (Flyball, 8RS)
|
Batting: RHB Rick Atkinson
|
0-0: Called Strike 0-1: Ground out 6-3 (Groundball, 6M)
|
Bottom of the 4th over - 0 run(s), 0 hit(s), 0 error(s), 0 left on base; Chicago 0 - Athletic Club KC 1 |
TOP OF THE 5TH |
Chicago Gold Sox batting - Pitching for Athletic Club KC : RHP John Kaufman
|
Batting: LHB Chris Hill
|
0-0: Called Strike 0-1: Ball 1-1: Swinging Strike 1-2: Foul Ball, location: 2F 1-2: Ball 2-2: Strikes out swinging
|
Batting: RHB Brady Ferris
|
0-0: Foul Ball, location: 2F 0-1: Swinging Strike 0-2: Ground out 1-3 (Groundball, 13S)
|
Batting: RHB Rod Jones
|
0-0: Called Strike 0-1: Swinging Strike 0-2: Ball 1-2: Foul Ball, location: 2F 1-2: Strikes out swinging
|
Top of the 5th over - 0 run(s), 0 hit(s), 0 error(s), 0 left on base; Chicago 0 - Athletic Club KC 1 |
BOTTOM OF THE 5TH |
Athletic Club KC batting - Pitching for Chicago Gold Sox : RHP Ramón Elizondo
|
Batting: LHB Thatcher Douglas
|
0-0: Called Strike 0-1: Fly out, F8 (Flyball, 8LS)
|
Batting: RHB Jorge Trevino
|
0-0: Foul Ball, location: 2F 0-1: Ball 1-1: Ground out 5-3 (Groundball, 56S)
|
Batting: SHB David Henderson
|
0-0: SOLO HOME RUN (Flyball, 8LXD), Distance : 437 ft
|
Batting: RHB David Edwards
|
0-0: Called Strike 0-1: Foul Ball, location: 2F 0-2: Ground out 1-3 (Groundball, 13)
|
Bottom of the 5th over - 1 run(s), 1 hit(s), 0 error(s), 0 left on base; Chicago 0 - Athletic Club KC 2 |
TOP OF THE 6TH |
Chicago Gold Sox batting - Pitching for Athletic Club KC : RHP John Kaufman
|
Batting: LHB William Wise
|
0-0: SINGLE (Groundball, 15S) (infield hit)
|
Batting: LHB Melvin Castro
|
0-0: Fly out, F9 (Flyball, 9D)
|
Batting: LHB Noel Ballard
|
0-0: Called Strike 0-1: Ball 1-1: Ball 2-1: Foul Ball, location: 2F 2-2: Foul Ball, location: 2F 2-2: Fly out, F7 (Flyball, 78M)
|
Batting: LHB Eddie Flynn
|
0-0: Called Strike 0-1: Called Strike William Wise steals 2nd base 0-2: Hit by Pitch
|
Batting: LHB Sam Good
|
0-0: Ball 1-0: Ball 2-0: Ball 3-0: Called Strike 3-1: Fly out, F8 (Flyball, 8LM)
|
Top of the 6th over - 0 run(s), 1 hit(s), 0 error(s), 2 left on base; Chicago 0 - Athletic Club KC 2 |
BOTTOM OF THE 6TH |
Athletic Club KC batting - Pitching for Chicago Gold Sox : RHP Ramón Elizondo
|
Batting: RHB John Downing
|
0-0: Called Strike 0-1: SOLO HOME RUN (Flyball, 78XD), Distance : 422 ft
|
Pitching: RHP Denny Marshall
|
|
Batting: RHB Ramón Souza
|
0-0: Ball 1-0: Called Strike 1-1: Foul Ball, location: 2F 1-2: Ball 2-2: Ground out 6-3 (Groundball, 6)
|
Batting: LHB Kelly Brown
|
0-0: Foul Ball, location: 2F 0-1: Fly out, F8 (Flyball, 8LS)
|
Batting: SHB Pedro Vázquez
|
0-0: Called Strike 0-1: Ball 1-1: Hit by Pitch
|
Batting: RHB Rick Atkinson
|
0-0: Called Strike 0-1: Ball 1-1: Foul Ball, location: 2F 1-2: Ball 2-2: Ball 3-2: 2-RUN HOME RUN (Flyball, 7LD), Distance : 357 ft
|
Pitching: LHP Jim Eliott
|
|
Batting: LHB Thatcher Douglas
|
0-0: Called Strike 0-1: Ball 1-1: Called Strike 1-2: Ball 2-2: Ground out 4-3 (Groundball, 4)
|
Bottom of the 6th over - 3 run(s), 2 hit(s), 0 error(s), 0 left on base; Chicago 0 - Athletic Club KC 5 |
TOP OF THE 7TH |
Chicago Gold Sox batting - Pitching for Athletic Club KC : RHP John Kaufman
|
Batting: RHB Alfredo López
|
0-0: Ball 1-0: Ball 2-0: Ground out 1-3 (Groundball, 15S)
|
Batting: LHB Chris Hill
|
0-0: Called Strike 0-1: Ball 1-1: Foul Ball, location: 2F 1-2: Strikes out swinging
|
Batting: RHB Brady Ferris
|
0-0: Called Strike 0-1: Ball 1-1: Swinging Strike 1-2: Strikes out swinging
|
Top of the 7th over - 0 run(s), 0 hit(s), 0 error(s), 0 left on base; Chicago 0 - Athletic Club KC 5 |
BOTTOM OF THE 7TH |
Athletic Club KC batting - Pitching for Chicago Gold Sox : LHP Jim Eliott
|
Batting: RHB Jorge Trevino
|
0-0: Ball 1-0: Swinging Strike 1-1: Ball 2-1: Called Strike 2-2: Ball 3-2: Ground out 6-3 (Groundball, 6M)
|
Batting: SHB David Henderson
|
0-0: Ball 1-0: Ball 2-0: Ball 3-0: Base on Balls
|
Batting: RHB David Edwards
|
0-0: Ball 1-0: Grounds into double play, 5-4-3 (Groundball, 5L)
|
Bottom of the 7th over - 0 run(s), 0 hit(s), 0 error(s), 0 left on base; Chicago 0 - Athletic Club KC 5 |
TOP OF THE 8TH |
Chicago Gold Sox batting - Pitching for Athletic Club KC : RHP John Kaufman
|
Batting: RHB Rod Jones
|
0-0: Ball 1-0: Swinging Strike 1-1: Ball 2-1: Foul Ball, location: 2F 2-2: Foul Ball, location: 2F 2-2: Foul Ball, location: 2F 2-2: Strikes out looking
|
Batting: LHB William Wise
|
0-0: Called Strike 0-1: Ball 1-1: Ball 2-1: Ball 3-1: Fly out, F9 (Flyball, 89M)
|
Batting: LHB Melvin Castro
|
0-0: Ball 1-0: Ball 2-0: Ball 3-0: Base on Balls
|
Pitching: LHP Arnaldo Bodabalho
|
|
Batting: LHB Noel Ballard
|
0-0: Called Strike 0-1: Fly out, F7 (Line Drive, 7M)
|
Top of the 8th over - 0 run(s), 0 hit(s), 0 error(s), 1 left on base; Chicago 0 - Athletic Club KC 5 |
BOTTOM OF THE 8TH |
Athletic Club KC batting - Pitching for Chicago Gold Sox : LHP Jim Eliott
|
Batting: RHB John Downing
|
0-0: Foul Ball, location: 2F 0-1: Foul Ball, location: 2F 0-2: Foul Ball, location: 2F 0-2: Fly out, F8 (Flyball, 8LD)
|
Batting: RHB Ramón Souza
|
0-0: Called Strike 0-1: Ball 1-1: Foul Ball, location: 2F 1-2: SINGLE (Line Drive, 7LS)
|
Batting: LHB Kelly Brown
|
0-0: Ball 1-0: Swinging Strike Ramón Souza is caught stealing 2nd base 1-1: Foul Ball, location: 2F 1-2: SINGLE (Flyball, 89S)
|
Batting: SHB Pedro Vázquez
|
0-0: Ball 1-0: Called Strike 1-1: SINGLE (Groundball, 4MD) Kelly Brown to second Runner from 2nd tries for 3rd, SAFE, throw made to third
|
Batting: RHB Rick Atkinson
|
0-0: Called Strike 0-1: Foul Ball, location: 2F 0-2: Ball 1-2: Ball 2-2: Foul Ball, location: 2F 2-2: SINGLE (Flyball, 8LS) Kelly Brown scores Pedro Vázquez to second
|
Batting: LHB Thatcher Douglas
|
0-0: SINGLE (Groundball, 34D) Pedro Vázquez to third Rick Atkinson to second Runner from 3rd tries for Home, SAFE, no throw or cutoff
|
Batting: RHB Jorge Trevino
|
0-0: Ball 1-0: Fielders Choice at 2nd, U4 (Groundball, 4M)
|
Bottom of the 8th over - 2 run(s), 5 hit(s), 0 error(s), 2 left on base; Chicago 0 - Athletic Club KC 7 |
TOP OF THE 9TH |
Chicago Gold Sox batting - Pitching for Athletic Club KC : LHP Arnaldo Bodabalho
|
Batting: LHB Eddie Flynn
|
0-0: Ball 1-0: Ball 2-0: Swinging Strike 2-1: Foul Ball, location: 2F 2-2: Ball 3-2: Base on Balls
|
Batting: LHB Sam Good
|
0-0: Ball 1-0: DOUBLE (Line Drive, 89XD) Eddie Flynn to third
|
Batting: RHB Alfredo López
|
0-0: Called Strike 0-1: Foul Ball, location: 2F 0-2: Ball 1-2: Ball 2-2: Ball 3-2: Strikes out looking
|
Batting: LHB Chris Hill
|
0-0: Called Strike 0-1: Foul Ball, location: 2F 0-2: Strikes out swinging
|
Batting: RHB Brady Ferris
|
0-0: Called Strike 0-1: Ball 1-1: Swinging Strike 1-2: Strikes out swinging
|
Top of the 9th over - 0 run(s), 1 hit(s), 0 error(s), 2 left on base; Chicago 0 - Athletic Club KC 7 |
|